 Seeded DCSS version 0.29.0-13-gc9e81de378 (webtiles) character file.

Game seed: 14846226368771913210 (custom seed)

863 Iusername the Covered (level 7, -3/61 HPs)
             Began as a Minotaur Fighter on Sept 7, 2022.
             Was an Initiate of Dithmenos.
             Slain by an ice beast (13 damage)
             ... on level 6 of the Dungeon.
             The game lasted 00:07:12 (7536 turns).

Iusername the Covered (Minotaur Fighter)            Turns: 7536, Time: 00:07:12

Health: -3/61      AC:  7    Str: 20    XL:     7   Next: 72%
Magic:  6/6        EV: 10    Int: 11    God:    Dithmenos [......]
Gold:   1246       SH:  5    Dex: 12    Spells: 6/6 levels left

rFire   . . .      SeeInvis .   a - +1 long sword
rCold   . . .      Faith    .   c - +0 buckler
rNeg    . . .      Spirit   .   b - +0 scale mail
rPois   .          Reflect  .   (helmet restricted)
rElec   .          Harm     .   (no cloak)
rCorr   .          Rampage  .   (no gloves)
Will    .....                   (no boots)
Stlth   ..........              (no amulet)
HPRegen 0.20/turn               k - +6 ring of intelligence
MPRegen 0.10/turn               (no ring)

@: no status effects
A: horns 2, retaliatory headbutt
a: Renounce Religion


You were on level 6 of the Dungeon.
You worshipped Dithmenos.
Dithmenos was noncommittal.
You visited 2 branches of the dungeon, and saw 7 of its levels.

You collected 1246 gold pieces.

Inventory:

Hand Weapons
 a - a +1 long sword (weapon)
Armour
 b - a +0 scale mail (worn)
 c - a +0 buckler (worn)
Jewellery
 k - a +6 ring of intelligence (left hand)
Wands
 o - a wand of roots (9)
Scrolls
 e - a scroll of amnesia
 f - 2 scrolls of torment
 h - 4 scrolls of teleportation
 m - 2 scrolls of poison
 t - a scroll of silence
 v - a scroll of vulnerability {unknown}
 w - 2 scrolls of blinking {unknown}
 x - a scroll of fog {unknown}
 y - a scroll of brand weapon {unknown}
Potions
 d - 2 potions of might
 g - 3 potions of curing
 i - 2 potions of brilliance {unknown}
 j - a potion of cancellation {unknown}
 l - a potion of mutation {unknown}
 n - a potion of heal wounds {unknown}
 p - a potion of attraction {unknown}
 q - a potion of lignification {unknown}
 r - a potion of berserk rage {unknown}
 s - 2 potions of degeneration {unknown}
 u - 2 potions of magic {unknown}
 z - a potion of haste {unknown}


   Skills:
 + Level 5.2 Fighting
 + Level 6.7 Long Blades
 + Level 7.0 Armour
 + Level 2.3 Dodging
 + Level 0.5 Stealth
 + Level 4.8 Shields


You had 6 spell levels left.
You didn't know any spells.
Your spell library contained the following spells:

 Spells                   Type           Power      Damage    Failure   Level
 Sting                    Tmut/Pois      0%         1d3       75%         1
 Poisonous Vapours        Pois/Air       0%         N/A       87%         2
 Call Canine Familiar     Summ           0%         N/A       98%         3
 Dazzling Flash           Conj/Hex       0%         N/A       98%         3
 Gell's Gravitas          Tloc           0%         N/A       98%         3
 Lesser Beckoning         Tloc           0%         N/A       98%         3
 Portal Projectile        Hex/Tloc       0%         N/A       98%         3
 Teleport Other           Tloc           0%         N/A       98%         3
 Airstrike                Air            0%         2d(0-16)  100%        4
 Leda's Liquefaction      Hex/Erth       0%         N/A       100%        4
 Olgreb's Toxic Radiance  Pois           0%         N/A       100%        4
 Summon Lightning Spire   Summ/Air       0%         N/A       100%        4
 Agony                    Necr           0%         N/A       100%        5
 Iskenderun's Battlesphe  Conj           0%         2d6       100%        5
 Lightning Bolt           Conj/Air       0%         1d11      100%        5
 Silence                  Hex/Air        0%         N/A       100%        5
 Iron Shot                Conj/Erth      0%         9d1       100%        6
 Spellforged Servitor     Conj/Summ      0%         N/A       100%        7


Dungeon Overview and Level Annotations

Branches:
Dungeon (6/15)             Temple (1/1) D:4

Altars:
Ashenzari
Cheibriados
Dithmenos
Hepliaklqana
Kikubaaqudgha
Makhleb
Nemelex Xobeh
Okawaru
Qazlal
Ru
Sif Muna
Wu Jian
Xom
Yredelemnul
Zin


Innate Abilities, Weirdness & Mutations

You have a pair of horns on your head.
You reflexively headbutt those who attack you in melee.


Message History

The gnoll hits you with a +0 flail!
Things that are here:
a +0 whip; a +0 club; a gnoll corpse You closely miss the gnoll.
The gnoll hits you with a +0 flail!
You slash the gnoll!
The gnoll is severely wounded.
The gnoll hits you with a +0 flail!
You hit the gnoll.
The gnoll is almost dead.
The gnoll hits you with a +0 flail.
You barely miss the gnoll.
The gnoll is almost dead.
The gnoll barely misses you.
You barely miss the gnoll. You headbutt the gnoll.
You kill the gnoll!
Dithmenos accepts your kill.
Your life force feels restored.
Your Armour skill increases to level 7!
You completely miss the ice beast. Your headbutt misses the ice beast.
The ice beast hits you. The ice beast freezes you! The ice beast misses you.
You furiously retaliate!
You headbutt the ice beast. You barely miss the ice beast.
The ice beast is moderately wounded.
The ice beast barely misses you.
You barely miss the ice beast. Your headbutt misses the ice beast.
The ice beast is moderately wounded.
The ice beast hits you but does no damage.
You slash the ice beast!
The ice beast is heavily wounded.
The ice beast closely misses you.
You closely miss the ice beast.
The ice beast is heavily wounded.
The ice beast hits you. The ice beast freezes you!
* * * LOW HITPOINT WARNING * * *
You hit the ice beast. Your headbutt misses the ice beast.
The ice beast is severely wounded.
The ice beast hits you.
* * * LOW HITPOINT WARNING * * *
The ice beast freezes you!
You die...

.### #.# ###
#. #
#############.
#.............
#.############
#.# #.# #.#
##########.#
#...gY@...(#
#.##########


You could see an ice beast and a gnoll.

Vanquished Creatures
  2 sky beasts
  An ogre (D:6)
  A bullfrog (D:6)
  3 necrophages
  2 orc priests (D:6)
  An iguana (D:5)
  2 orc wizards (D:5)
  3 gnolls (D:6)
  6 adders
  A shadow imp (D:6)
  A white imp (D:6)
  An ufetubus (D:6)
  A worm (D:3)
  A dart slug (D:3)
  11 orcs
  A bat zombie (D:4)
  7 endoplasms
  9 giant cockroaches
  7 goblins
  6 hobgoblins
  2 jackals (D:4)
  2 quokkas
  8 ball pythons
  2 bats
  5 frilled lizards
  8 kobolds
  9 rats
103 creatures vanquished.

Notes
Turn   | Place    | Note
-------+----------+-------------------------------------------
     0 | D:1      | Iusername the Minotaur Fighter began the quest for the Orb.
     0 | D:1      | Reached XP level 1. HP: 19/19 MP: 0/0
    11 | D:1      | Found a faded altar of an unknown god.
   223 | D:1      | Reached XP level 2. HP: 25/27 MP: 1/1
   340 | D:1      | Reached skill level 4 in Armour
  1165 | D:1      | Reached XP level 3. HP: 33/33 MP: 2/2
  2052 | D:2      | Reached XP level 4. HP: 40/40 MP: 3/3
  2114 | D:3      | Reached skill level 1 in Dodging
  2927 | D:4      | Found a staircase to the Ecumenical Temple.
  2953 | Temple   | Entered the Ecumenical Temple
  2970 | Temple   | Became a worshipper of Dithmenos the Shadowed
  3023 | D:4      | Found an ancient bone altar of Kikubaaqudgha.
  3662 | D:5      | Entered Level 5 of the Dungeon
  3668 | D:5      | Noticed a necrophage
  3673 | D:5      | Reached XP level 5. HP: 45/47 MP: 4/4
  3921 | D:5      | Identified a scroll of acquirement
  3922 | D:5      | Acquired 993 gold pieces
  4107 | D:5      | Found a sparkling altar of Nemelex Xobeh.
  4160 | D:5      | Reached skill level 5 in Armour
  4167 | D:5      | Reached skill level 5 in Long Blades
  4571 | D:5      | Found a broken altar of Ashenzari.
  4749 | D:5      | Noticed a sky beast
  4767 | D:5      | Killed a sky beast
  4768 | D:5      | Reached XP level 6. HP: 28/53 MP: 5/5
  6089 | D:6      | Noticed a sky beast
  6102 | D:6      | Killed a sky beast
  6103 | D:6      | Reached skill level 5 in Fighting
  6103 | D:6      | Reached skill level 6 in Armour
  6103 | D:6      | Reached XP level 7. HP: 31/61 MP: 6/6
  7531 | D:6      | Reached skill level 7 in Armour
  7536 | D:6      | Slain by an ice beast

Illustrated notes

Levels and vault maps discovered:
D:1:      lightli_arrival_statue_moat, layout_basic, basic_ecumenical_altar
D:2:      layout_loops_cross
D:3:      layout_loops_ring
D:4:      nicolae_cairo_tiling, layout_loops_cross,
          lemuel_zombie_altar_kikubaaqudgha, minmay_temple_entry_stoned_glass,
          minivault_11
D:5:      layout_basic, lemuel_crystal_altar, nemelex_xobeh_ov_fountains_minmay,
          minmay_misc_feat_ornament
D:6:      layout_loops_ring, nicolae_underground_beach
Temple:   nicolae_temple_bog_church

Skill      XL: |  1  2  3  4  5  6  7 |
---------------+----------------------+-----
Armour         | 4 5 6 7 |  7.0
Fighting       | 4 5 |  5.2
Long Blades    | 3 4 5 6 |  6.7
Dodging        | 1 2 |  2.3
Shields        | 4 |  4.8
Stealth        | |  0.5

Action                   |  1- 3 |  4- 6 |  7- 9 || total
-------------------------+-------+-------+-------++-------
Melee: Long sword        |   121 |   144 |    61 ||   326
       Headbutt          |    15 |    21 |    13 ||    49
  Use: Scroll            |       |     9 |       ||     9
       Potion            |       |       |     1 ||     1
Armor: Scale mail        |    52 |    73 |    31 ||   156
Dodge: Dodged            |    49 |    43 |    32 ||   124
Block: Buckler           |    38 |    28 |    16 ||    82
